 Dungeon Crawl Stone Soup version 0.21.1-1-g345015f (webtiles) character file.

395 WaterFather the Poker (level 6, -20/47 HPs)
             Began as a Merfolk Skald on Mar 19, 2018.
             Was an Initiate of the Shining One.
             Demolished by a polar bear (24 damage)
             ... created by the rage of Trog
             ... on level 4 of the Dungeon.
             The game lasted 00:20:18 (5059 turns).

WaterFather the Poker (Merfolk Skald)               Turns: 5059, Time: 00:20:19

Health: -20/47     AC:  6    Str: 17    XL:     6   Next: 82%
Magic:  9/9        EV: 11    Int: 14    God:    the Shining One [......]
Gold:   136        SH:  0    Dex: 13    Spells: 6/9 levels left

rFire    . . .     SeeInvis .   u - +0 trident
rCold    . . .     Gourm    .   (no shield)
rNeg     . . .     Faith    .   a - +0 scale mail
rPois    .         Spirit   .   (no helmet)
rElec    .         Reflect  .   (no cloak)
rCorr    .         Harm     .   (no gloves)
MR       .....                  (no boots)
Stlth    ..........             (no amulet)
HPRegen  0.15/turn              (no ring)
MPRegen  0.11/turn              (no ring)

@: mighty, about to teleport, glowing
A: change form in water, swift swim, stealthy swim
a: Renounce Religion


You were on level 4 of the Dungeon.
You worshipped the Shining One.
The Shining One was noncommittal.
You were hungry.

You visited 2 branches of the dungeon, and saw 5 of its levels.

You collected 136 gold pieces.

Inventory:

Hand Weapons
 u - a +0 trident (weapon)
Missiles
 g - 2 steel javelins (quivered)
Armour
 a - a +0 scale mail (worn)
Scrolls
 e - a scroll of random uselessness {unknown}
 f - a scroll of enchant armour {unknown}
 i - a scroll of amnesia {unknown}
 j - a scroll of enchant weapon {unknown}
 k - a scroll of magic mapping
 l - a scroll of remove curse {unknown}
 o - a scroll of teleportation
 q - a scroll of blinking {unknown}
 r - a scroll of fear {unknown}
Potions
 b - 3 potions of cancellation
 h - a potion of curing
 n - a potion of degeneration {unknown}
 s - a potion of magic {unknown}
 t - a potion of lignification {unknown}
Books
 c - a book of Battle

   Spells                             Type                      Level
   a - Infusion                       Charms                       1
   b - Shroud of Golubria             Charms/Translocation         2
   c - Song of Slaying                Charms                       2
   d - Spectral Weapon                Hexes/Charms                 3
   e - Regeneration                   Charms/Necromancy            3
Comestibles
 d - 4 rations


   Skills:
 + Level 3.3 Fighting
 * Level 7.7 Polearms
 - Level 0.6 Armour
 - Level 4.2 Dodging
 - Level 0.1 Stealth
 - Level 2.0 Spellcasting
 - Level 4.5 Charms


You had 6 spell levels left.
You knew the following spells:

 Your Spells              Type           Power        Failure   Level  Hunger
a - Infusion              Chrm           ##..         13%         1    ##.....
b - Song of Slaying       Chrm           ##......     19%         2    ###....


Dungeon Overview and Level Annotations

Branches:
Dungeon (4/15)             Temple (1/1) D:4

Altars:
Ashenzari
Cheibriados
Dithmenos
Elyvilon
Fedhas
Gozag
Hepliaklqana
Kikubaaqudgha
Makhleb
Nemelex Xobeh
Okawaru
Qazlal
Ru
Sif Muna
Trog
Uskayaw
Vehumet
Wu Jian
Xom
Yredelemnul
Zin
The Shining One

Annotations:
D:4 HowDoYouLikeHam's ghost, amateur MiFi


Message History

You feel very mighty all of a sudden. The black bear bites you.
The black bear claws you but does no damage. x2
The polar bear barely misses you. The polar bear misses you.
The polar bear closely misses you. x3; The polar bear claws you.
The hound skeleton bites you but does no damage.
The black bear bites you.
* * * LOW HITPOINT WARNING * * *
The black bear claws you.
* * * LOW HITPOINT WARNING * * *
The black bear claws you.
* * * LOW HITPOINT WARNING * * *
You puncture the hound skeleton!
You destroy the hound skeleton!
The Shining One accepts your kill. The polar bear barely misses you.
The polar bear claws you but does no damage. x2
The polar bear bites you!!
Ouch! That really hurt!
You die...

,,........# ***##*+*+***,*
,,...###..# #........,,,,* ,,,,,*
#..# #........,,,,* ,,,,,* #..#
#........,,,,* ,,,,,*
#..######..^.....,,,,*
,**#.###..#....#........,,,,**
,**#>..........#h.......,,,,,****
,+.............#hh..%...,,,,,,,,,
,*###.........hh@.o...#,***,,****
,,,...####.....######.#,***,,*
**####* #.......,,,,,*,,,,,,*
#......##***,******,* #......#
*,* *,* #......# *,* *,*
*********#.##+#.# *,******,*
,,,,,,,,,..,*,*,* *,,,,,,,,*
*************,*,* **********


You could see 2 polar bears, 3 black bears and an orc.

Vanquished Creatures
  A phantom (D:4)
  The ghost of yevrey the Ruffian, a weakling DrTm (D:3)
  A crimson imp (D:2)
  An orc priest (D:4)
  An orc wizard (D:3)
  Jessica (D:2)
  A hound skeleton (D:4)
  3 adders
  An ooze (D:1)
  A worm (D:2)
  5 dart slugs
  3 leopard geckos
  13 orcs
  4 giant cockroaches
  5 goblins
  6 hobgoblins
  2 jackals
  6 kobolds
  3 quokkas
  A ball python (D:2)
  3 bats (D:3)
  6 frilled lizards
  7 rats
76 creatures vanquished.

Notes
Turn   | Place    | Note
-------+----------+-------------------------------------------
     0 | D:1      | WaterFather the Merfolk Skald began the quest for the Orb.
     0 | D:1      | Reached XP level 1. HP: 16/16 MP: 3/3
   271 | D:1      | Reached XP level 2. HP: 21/22 MP: 5/5
   285 | D:1      | Learned a level 2 spell: Song of Slaying
   910 | D:1      | Reached XP level 3. HP: 28/28 MP: 4/6
  1206 | D:2      | Reached skill level 4 in Polearms
  1255 | D:2      | Reached XP level 4. HP: 22/34 MP: 0/7
  1597 | D:2      | Reached skill level 5 in Polearms
  1705 | D:2      | Noticed Jessica
  1711 | D:2      | Killed Jessica
  1904 | D:2      | Reached XP level 5. HP: 39/39 MP: 8/8
  2638 | D:3      | Noticed yevrey's ghost (weakling DrTm)
  2655 | D:3      | Killed yevrey's ghost
  2655 | D:3      | Reached skill level 6 in Polearms
  3229 | D:3      | Reached XP level 6. HP: 36/46 MP: 0/9
  3230 | D:3      | Reached skill level 7 in Polearms
  3425 | D:4      | Found a staircase to the Ecumenical Temple.
  3443 | Temple   | Entered the Ecumenical Temple
  4332 | Temple   | Became a worshipper of Trog the Wrathful
  4381 | Temple   | Fell from the grace of Trog
  4381 | Temple   | Became a worshipper of the Shining One
  4419 | D:4      | Found a radiant altar of Vehumet.
  4517 | D:4      | Noticed a phantom
  4572 | D:4      | Killed a phantom
  4671 | D:4      | Noticed HowDoYouLikeHam's ghost (amateur MiFi)
  4909 | Temple   | Noticed a polar bear
  4909 | Temple   | Noticed a black bear
  4909 | Temple   | Noticed a black bear
  5055 | D:4      | Noticed a black bear
  5055 | D:4      | Noticed a black bear
  5055 | D:4      | Noticed a polar bear
  5055 | D:4      | Noticed a black bear
  5055 | D:4      | Noticed a polar bear
  5059 | D:4      | Demolished by a polar bear

Skill      XL: |  1  2  3  4  5  6 |
---------------+-------------------+-----
Dodging        | 3 4 |  4.2
Charms         | 4 |  4.5
Polearms       | 4 5 6 7 |  7.7
Fighting       | 3 |  3.3
Armour         | |  0.6
Stealth        | |  0.1
Spellcasting   | |  2.0

Action                   |  1- 3 |  4- 6 || total
-------------------------+-------+-------++-------
Melee: Spear             |    97 |   155 ||   252
       Trident           |       |    64 ||    64
 Cast: Infusion          |     8 |    13 ||    21
       Song of Slaying   |       |     2 ||     2
  Use: Scroll            |       |     4 ||     4
       Potion            |       |     1 ||     1
  Eat: Chunk             |     1 |     8 ||     9
       Ration            |       |     1 ||     1
Armor: Leather armour    |     2 |       ||     2
       Ring mail         |    13 |    24 ||    37
       Scale mail        |       |    26 ||    26
Dodge: Dodged            |    38 |    80 ||   118
